 Dungeon Crawl Stone Soup version 0.32-a0-42-ga30500b4d3 (webtiles) character file.

Game seed: 12813386663253351481

1327 jlumianski the Ruffian (level 8, -6/61 HPs)
             Began as a Gnoll Shapeshifter on Jan 26, 2024.
             Mangled by Menkaure (13 damage)
             ... on level 5 of the Dungeon on Jan 27, 2024.
             The game lasted 00:26:41 (6009 turns).

jlumianski the Ruffian (Gnoll Shapeshifter)         Turns: 6009, Time: 00:26:41

Health: -6/61      AC:  9    Str: 15    XL:     8   Next: 60%
Magic:  13/13      EV:  9    Int:  9    God:
Gold:   346        SH:  0    Dex: 13    Spells: 14/14 levels left

rFire   . .          .
                       - Unarmed
rCold   . . .        (no shield)
rNeg    . . .        s - +0 chain mail
rPois   .            (helmet currently unavailable)
rElec   .            (cloak currently unavailable)
rCorr   .            (gloves currently unavailable)
SInv    .            (boots currently unavailable)
Will    .....        i - amulet of the acrobat Stlth
                     (no ring)
HPRegen 0.30/turn    (no ring)
MPRegen 0.13/turn

%: acrobat
@: beast-form
A: beast (slay +4), fangs 1, strong nose, distributed training
a: Begin Untransformation


You were on level 5 of the Dungeon.
You were a hulking beast.
You visited 1 branch of the dungeon, and saw 6 of its levels.
You also visited: Sewer.

You collected 346 gold pieces.

Inventory:

Hand Weapons
 B - a +5 heavy hand axe
Missiles
 h - 11 poisoned darts (quivered)
 x - a curare-tipped dart
 E - 6 boomerangs
Armour
 a - a +0 animal skin
 k - a +0 leather armour
 p - a +0 ring mail
 s - a +0 chain mail (worn)
Jewellery
 b - an amulet of regeneration
 i - an amulet of the acrobat (around neck)
 C - a ring of ice
Talismans
 c - a beast talisman
 d - a flux talisman
Wands
 q - a wand of mindburst (1)
 A - a wand of digging (2)
 D - a wand of flame (9)
Scrolls
 e - 3 scrolls of enchant weapon
 f - a scroll of summoning {unknown}
 l - a scroll of blinking
 m - a scroll of noise
 n - a scroll of brand weapon {unknown}
 y - a scroll of fog {unknown}
 F - a scroll of immolation {unknown}
Potions
 g - 4 potions of heal wounds
 j - a potion of ambrosia
 o - a potion of magic
 r - a potion of berserk rage
 t - a potion of resistance
 u - a potion of mutation
 v - a potion of might {unknown}
 w - a potion of haste
 z - a potion of enlightenment {unknown}


   Skills:
 + Level 4.4 Fighting
 + Level 3.5 Short Blades
 + Level 3.5 Long Blades
 + Level 3.5 Axes
 + Level 3.5 Maces & Flails
 + Level 3.5 Polearms
 + Level 3.5 Staves
 + Level 3.5 Ranged Weapons
 + Level 3.5 Throwing
 + Level 3.5 Armour
 + Level 5.8 Dodging
 + Level 3.5 Stealth
 + Level 3.5 Shields
 + Level 7.5 Unarmed Combat
 + Level 3.5 Spellcasting
 + Level 2.9 Conjurations
 + Level 2.9 Hexes
 + Level 2.9 Summonings
 + Level 2.9 Necromancy
 + Level 2.9 Translocations
 + Level 2.9 Fire Magic
 + Level 2.9 Ice Magic
 + Level 2.9 Air Magic
 + Level 2.9 Earth Magic
 + Level 2.9 Alchemy
 + Level 3.9 Invocations
 + Level 3.5 Evocations
 + Level 7.3 Shapeshifting


You had 14 spell levels left.
You didn't know any spells.
Your spell library was empty.

Dungeon Overview and Level Annotations

Branches:
Dungeon (6/15)              Sewer (visited)
 Temple: D:4-7

Altars:

Annotations:
D:5 Menkaure


Innate Abilities, Weirdness & Mutations

You are a hulking beast.
Your limbs bulge with bestial killing power. (Slay +4)
You have very sharp teeth.
Your uncanny sense of smell can sniff out nearby items.
Your experience applies equally to all skills.


Message History

Press: ? - help, Q - select action, (/) - cycle Shift-Dir - straight line, f/p - Menkaure
Aim: Menkaure (fast, 77% to hit)
You throw a poisoned dart. The poisoned dart hits Menkaure!
Throw: 14 darts (poison)
Press: ? - help, Q - select action, (/) - cycle Shift-Dir - straight line, f/p - Menkaure
Aim: Menkaure (fast, 77% to hit)
You throw a poisoned dart. The poisoned dart hits Menkaure!
Throw: 13 darts (poison)
Press: ? - help, Q - select action, (/) - cycle Shift-Dir - straight line, f/p - Menkaure
Aim: Menkaure (fast, 77% to hit)
You throw a poisoned dart. The poisoned dart hits Menkaure.
Throw: 12 darts (poison)
Press: ? - help, Q - select action, (/) - cycle Shift-Dir - straight line, f/p - Menkaure
Aim: Menkaure (fast, 77% to hit)
You throw a poisoned dart. The poisoned dart hits Menkaure!
Menkaure calls on the powers of darkness!
Your body is wracked with pain!
Aiming: Mindburst
Press: ? - help, Shift-Dir - straight line, f/p - Menkaure
Aim: Menkaure (fast, chance to affect: 78%) Menkaure's mind is blasted!
Menkaure calls on the powers of darkness!
Your body is wracked with pain!
* * * LOW HITPOINT WARNING * * *
You hit Menkaure but do no damage.
Menkaure is heavily damaged.
Menkaure closely misses you.
You hit Menkaure.
Menkaure is heavily damaged.
Menkaure mumbles a few words.
Menkaure casts a spell at you.
You struggle to resist.
You hit Menkaure.
Menkaure is severely damaged.
Menkaure hits you!
* * * LOW HITPOINT WARNING * * *
You barely miss Menkaure.
Menkaure is severely damaged.
Menkaure hits you!
You die...

#.........# #.........#
#.....(...# #.........#
#.........## *###
#..........#####..#*
#..................*
#############.................,*
############....hM((..........,*
############....###..(....#**,,*
###########....## ####(...# *,,*
#####.........## ##<..#**,,*
####..........## ##...#,,,*
###...........## *.......*
##...##<......## **.[.....*
#...####......## *,.......*
...#####.......# **,...#...*


You could see Menkaure (fast).

Vanquished Creatures
  3 black bears
  4 kobold brigands (Sewer)
  Blork the orc (D:5)
  A scorpion (D:5)
  2 bombardier beetles
  A hound (D:4)
  2 jellies (D:4)
  4 iguanas
  A sleepcap (D:3)
  2 orc wizards (D:3)
  6 gnolls
  15 adders
  A river rat (D:5)
  2 dart slugs
  5 ribbon worms
  7 orcs
  6 ball pythons
  15 endoplasms
  5 giant cockroaches
  6 goblins
  8 hobgoblins
  7 jackals
  6 quokkas
  4 bats
  3 frilled lizards (D:1)
  14 kobolds
  3 rats
134 creatures vanquished.

Notes
Turn   | Place    | Note
-------+----------+-------------------------------------------
     0 | D:1      | jlumianski the Gnoll Shapeshifter began the quest for the
                  | Orb.
     0 | D:1      | Reached XP level 1. HP: 17/17 MP: 1/1
   266 | D:1      | Reached XP level 2. HP: 17/23 MP: 2/2
   555 | D:2      | Found a faded altar of an unknown god.
   785 | D:1      | Reached XP level 3. HP: 23/28 MP: 3/3
  1169 | D:1      | Reached skill level 1 in Invocations
  1877 | D:2      | Reached skill level 1 in Short Blades
  1877 | D:2      | Reached skill level 1 in Long Blades
  1877 | D:2      | Reached skill level 1 in Axes
  1877 | D:2      | Reached skill level 1 in Maces & Flails
  1877 | D:2      | Reached skill level 1 in Polearms
  1877 | D:2      | Reached skill level 1 in Staves
  1877 | D:2      | Reached skill level 1 in Ranged Weapons
  1877 | D:2      | Reached skill level 1 in Throwing
  1877 | D:2      | Reached skill level 1 in Armour
  1877 | D:2      | Reached skill level 1 in Stealth
  1877 | D:2      | Reached skill level 1 in Shields
  1877 | D:2      | Reached skill level 1 in Spellcasting
  1877 | D:2      | Reached skill level 1 in Evocations
  2147 | D:3      | Reached XP level 4. HP: 34/34 MP: 5/5
  2264 | D:3      | Reached skill level 1 in Conjurations
  2264 | D:3      | Reached skill level 1 in Hexes
  2264 | D:3      | Reached skill level 1 in Summonings
  2264 | D:3      | Reached skill level 1 in Necromancy
  2264 | D:3      | Reached skill level 1 in Translocations
  2264 | D:3      | Reached skill level 1 in Fire Magic
  2264 | D:3      | Reached skill level 1 in Ice Magic
  2264 | D:3      | Reached skill level 1 in Air Magic
  2264 | D:3      | Reached skill level 1 in Earth Magic
  2264 | D:3      | Reached skill level 1 in Alchemy
  2387 | D:3      | Reached XP level 5. HP: 37/40 MP: 5/7
  2948 | D:5      | Entered Level 5 of the Dungeon
  2982 | D:5      | Noticed a black bear
  2999 | D:5      | Noticed a black bear
  3063 | D:5      | Reached XP level 6. HP: 26/47 MP: 8/8
  3074 | D:5      | Found a glowing drain.
  3078 | Sewer    | Entered a sewer
  3209 | Sewer    | Reached skill level 5 in Dodging
  3525 | Sewer    | Reached XP level 7. HP: 29/52 MP: 10/10
  4334 | D:3      | Reached XP level 8. HP: 48/60 MP: 12/12
  4689 | D:4      | Upgraded the game from 0.32-a0-41-gec2d92a32c to
                  | 0.32-a0-42-ga30500b4d3
  5466 | D:5      | Noticed Blork the orc
  5512 | D:5      | Killed Blork the orc
  5931 | D:5      | Noticed Menkaure
  6009 | D:5      | Mangled by Menkaure

Illustrated notes

Levels and vault maps discovered:
D:1:      hellmonk_arrival_library, layout_loops_corners
D:2:      layout_basic, shapermc_ecumenical_altar_flowoftime
D:3:      layout_loops_ring, minmay_cut_off
D:4:      layout_gridville, palyth_stone_intersect
D:5:      layout_layer_cave, gup_sewer_entry_spiral, uniq_menkaure,
          uniq_blork_the_orc
D:6:      layout_cave_pools, nicolae_ru_great_annihilating_truth,
          kennysheep_mini, serial_column_ruins, column_ruins_pillar_6,
          column_ruins_pillar_2, column_ruins_pillar_3, column_ruins_pillar_1,
          column_ruins_pillar_6, column_ruins_pillar_1, column_ruins_pillar_6,
          column_ruins_pillar_3, column_ruins_pillar_12, column_ruins_pillar_2,
          column_ruins_pillar_11, column_ruins_pillar_12, column_ruins_pillar_1,
          column_ruins_pillar_2, nicolae_shop_distant_corner_stores

Skill      XL: |  1  2  3  4  5  6  7 |
---------------+----------------------+-----
Invocations    | 1 2 3 |  3.9
Short Blades   | 1 2 3 |  3.5
Long Blades    | 1 2 3 |  3.5
Axes           | 1 2 3 |  3.5
Maces & Flails | 1 2 3 |  3.5
Polearms       | 1 2 3 |  3.5
Staves         | 1 2 3 |  3.5
Ranged Weapons | 1 2 3 |  3.5
Throwing       | 1 2 3 |  3.5
Armour         | 1 2 3 |  3.5
Stealth        | 1 2 3 |  3.5
Shields        | 1 2 3 |  3.5
Spellcasting   | 1 2 3 |  3.5
Evocations     | 1 2 3 |  3.5
Conjurations   | 1 2 |  2.9
Hexes          | 1 2 |  2.9
Summonings     | 1 2 |  2.9
Necromancy     | 1 2 |  2.9
Translocations | 1 2 |  2.9
Fire Magic     | 1 2 |  2.9
Ice Magic      | 1 2 |  2.9
Air Magic      | 1 2 |  2.9
Earth Magic    | 1 2 |  2.9
Alchemy        | 1 2 |  2.9
Fighting       | 3 4 |  4.4
Dodging        | 5 |  5.8
Unarmed Combat | 7 |  7.5
Shapeshifting  | 7 |  7.3

Action                     |  1- 3 |  4- 6 |  7- 9 || total
---------------------------+-------+-------+-------++-------
  Melee: Unarmed           |    92 |   126 |   138 ||   356
         Bite              |     8 |     8 |    11 ||    27
         Punch             |     3 |     3 |     6 ||    12
  Throw: Dart              |       |       |    19 ||    19
  Evoke: Wand              |       |     2 |     1 ||     3
    Use: Scroll            |     3 |     2 |     3 ||     8
         Potion            |       |     1 |     5 ||     6
 Armour: Animal skin       |    15 |       |       ||    15
         Leather armour    |    12 |       |       ||    12
         Ring mail         |     1 |    10 |       ||    11
         Chain mail        |       |    67 |    67 ||   134
         Skin              |       |       |     3 ||     3
  Dodge: Dodged            |    47 |   149 |    63 ||   259

Table legend: (Time is in decaauts)
 A = Elapsed time spent in this place.
 B = Non-inter-level travel time spent in this place.
 C = Inter-level travel time spent in this place.
 D = Time resting spent in this place.
 E = Time spent auto-exploring this place.
 F = Levels seen in this place.
 G = Mean time per level.
                   A        B        C        D        E       F      G
               +--------+--------+--------+--------+--------+-----+--------+
         Total |   6199 |   6087 |    112 |    804 |   2950 |   7 |  885.6 |
       Dungeon |   5064 |   4952 |    112 |    471 |   2596 |   6 |  844.0 |
         Sewer |   1134 |   1134 |      0 |    333 |    354 |   1 | 1134.0 |
               +--------+--------+--------+--------+--------+-----+--------+

Top non-repeatable levels by time:
   Sewer: 1134 daAuts
     D:4: 1062 daAuts
     D:5: 1052 daAuts
     D:1: 991 daAuts
     D:3: 989 daAuts
     D:2: 937 daAuts
     D:6: 32 daAuts
